cohdb
Replays
Latest Replays
All Replays
Popular Replays
Top Player Replays
Match Explorer
How It Works
Community
CoH3 Stats
Reddit
Sign in to upload your games and track your stats! →
Sign in with Steam
Match 43088825
Unlisted
Match 43088825
Overview
Messages
Build Orders
End
Scout Squad
Construct Weapon Support Center
Selects Heavy Weapons
Scout Squad
M1919 Machine Gun Team
M1919 Machine Gun Team
M1919 Machine Gun Team
Selects Assault Carriers
Infantry Support Center
M3 Assault Carrier
Selects Exchangeable Parts
Engineer Squad
M3 Assault Carrier
Construct Motor Pool
M24 Chaffee Light Tank
Construct Medical Station
ThreekidsinaTrenchcoat
MrGlaucus
0
0
Comments
sign in to comment!
No comments posted yet!